 Dungeon Crawl Stone Soup version 0.20.0-15-g7f486f2 (webtiles) character file.

117 Malak the Skirmisher (level 4, -12/63 HPs)
             Began as a Draconian Monk on June 12, 2017.
             Engulfed by a cloud of flame (14 damage)
             ... on level 3 of the Dungeon.
             The game lasted 00:14:11 (2368 turns).

Malak the Skirmisher (Draconian Monk)               Turns: 2368, Time: 00:14:11

Health: -12/63     AC: 22    Str: 15    XL:     4   Next: 71%
Magic:  4/4        EV:  2    Int: 15    God:
Gold:   147        SH:  0    Dex: 13    Spells: 3/3 levels left

rFire    + . .     SeeInvis .     - Unarmed
rCold    + . .     Gourm    .   (no shield)
rNeg     + + +     Faith    .   (armour unavailable)
rPois    +         Spirit   .   (helmet currently unavailable)
rElec    +         Reflect  .   (cloak currently unavailable)
rCorr    +         Harm     .   (gloves currently unavailable)
MR       .....     NoTele   +   (boots currently unavailable)
Stlth    ++........             (no amulet)
Regen    0.2/turn               (no ring)
MPRegen  0.1/turn               (no ring)

@: brilliant, lethally poisoned (-12 -> -14), tree-form, resistant, very
slightly contaminated
A: unfitting armour, AC +5
a: no special abilities


You were on level 3 of the Dungeon.
You were not hungry.
You were a tree.
You visited 1 branch of the dungeon, and saw 3 of its levels.

You collected 147 gold pieces.

Inventory:

Armour
 f - a +2 hat (melded)
Wands
 p - a wand of enslavement (2/24)
Scrolls
 b - 2 scrolls of magic mapping
 c - a scroll of fog
 l - 3 scrolls of identify {unknown}
 o - a scroll of teleportation {unknown}
 q - 2 scrolls of recharging {unknown}
Potions
 e - 2 potions of lignification
Comestibles
 a - 4 chunks of flesh
 d - 2 meat rations
 n - a royal jelly


   Skills:
 - Level 5.0 Fighting
 + Level 3.0 Dodging
 - Level 1.9 Stealth
 - Level 4.0 Unarmed Combat


You had 3 spell levels left.
You didn't know any spells.

Dungeon Overview and Level Annotations

Branches:
Dungeon (3/15)

Altars:


Innate Abilities, Weirdness & Mutations

((Your plain brown scales are hard. (AC +5)))
You cannot fit into any form of body armour.
((You are cold-blooded and may be slowed by cold attacks.))


Message History

You cannot move.
There are monsters nearby!
There are monsters nearby!
You feel sick.
You barely miss the orc.
You feel sick. The orc hits you but does no damage.
You completely miss the orc.
You pace your travel speed to your slowest ally.
You travel at normal speed.
You hit the orc but do no damage.
You smack the orc!
The orc explodes!
The fiery explosion engulfs you! You resist.
* * * LOW HITPOINT WARNING * * *
The fiery explosion engulfs the orc.
The orc explodes!
The fiery explosion engulfs you! You resist.
* * * LOW HITPOINT WARNING * * *
Your Dodging skill increases to level 3!
You are engulfed in blazing flames.
You resist.
You die...

...#.##.##
.###.##.####
.....##....#
.#########.#
o.ooo.o§§#.#######
###.#§#§##.......#
#.#.#§########§#
#.#.#o########§#
#...#o§....o§§♣#
################


You could see an orc priest.

Vanquished Creatures
  Ijyb (D:3)
  2 adders
  2 oozes (D:2)
  2 worms
  4 leopard geckos
  7 orcs (D:3)
  A giant cockroach (D:2)
  6 goblins
  7 hobgoblins
  A quokka (D:2)
  5 frilled lizards
  4 kobolds
  9 rats
51 creatures vanquished.

Notes
Turn   | Place    | Note
-------+----------+-------------------------------------------
     0 | D:1      | Malak the Draconian Monk began the quest for the Orb.
     0 | D:1      | Reached XP level 1. HP: 19/19 MP: 1/1
   226 | D:1      | Reached XP level 2. HP: 26/26 MP: 2/2
   399 | D:1      | Reached skill level 4 in Fighting
  1053 | D:2      | Reached XP level 3. HP: 32/33 MP: 3/3
  1584 | D:3      | Noticed Ijyb
  1659 | D:3      | Reached skill level 5 in Fighting
  1905 | D:3      | Reached XP level 4. HP: 39/42 MP: 4/4
  2019 | D:3      | Killed Ijyb
  2368 | D:3      | HP: 2/63 [orc/exploding inner flame[the player character] (13)]
  2368 | D:3      | Engulfed by a cloud of flame

Skill      XL: |  1  2  3  4 |
---------------+-------------+-----
Fighting       | 4 5 |  5.0
Unarmed Combat | 4 |  4.0
Dodging        | 3 |  3.0
Stealth        | |  1.9

Action                   |  1- 3 |  4- 6 || total
-------------------------+-------+-------++-------
Melee: Unarmed           |   146 |    93 ||   239
       Tailslap          |    15 |    12 ||    27
       Punch             |     1 |     2 ||     3
  Use: Scroll            |       |     6 ||     6
       Potion            |       |     4 ||     4
 Stab: Sleeping          |     6 |     2 ||     8
  Eat: Bread ration      |     1 |       ||     1
       Chunk             |     1 |       ||     1
Armor: Skin              |    33 |    14 ||    47
Dodge: Dodged            |    66 |    37 ||   103
